 Dungeon Crawl Stone Soup version 0.19-a0-860-g5c370dd (webtiles) character file.

164 Kurtz the Cudgeler (level 5, 0/41 HPs)
             Began as a Mummy Berserker on July 2, 2016.
             Was a Believer of Trog.
             Slain by an iron imp (3 damage)
             ... summoned by Natasha
             ... on level 3 of the Dungeon.
             The game lasted 00:02:20 (2029 turns).

Kurtz the Cudgeler (Mummy Berserker)                Turns: 2029, Time: 00:02:22

Health: 0/41       AC:  8    Str: 20    XL:     5   Next: 21%
Magic:  5/5        EV:  8    Int:  6    God:    Trog [**....]
Gold:   143        SH:  0    Dex: 13    Spells: 0 memorised, 4 levels left

rFire  x . .     SeeInvis .     a - +0 mace
rCold  + . .     Gourm    .     d - +0 chain mail
rNeg   + + +     Faith    .     (no shield)
rPois  ∞         Spirit   .     (no helmet)
rElec  .         Dismiss  .     (no cloak)
rCorr  .         Reflect  .     (no gloves)
SustAt .         Harm     .     (no boots)
MR     .....                    (no amulet)
Stlth  ..........               (no ring)
                                (no ring)

@: not resistant to hostile enchantments, extremely unstealthy
A: no food or potions, fire vulnerability, cold resistance 1, negative energy
resistance 3, torment resistance, unbreathing
a: Trog's Hand, Burn Spellbooks, Renounce Religion


You were on level 3 of the Dungeon.
You worshipped Trog.
Trog was pleased with you.
You were not hungry.

You visited 1 branch of the dungeon, and saw 3 of its levels.

You collected 143 gold pieces.

Inventory:

Hand Weapons
 a - a +0 mace (weapon)
Armour
 b - a +0 animal skin
 d - a +0 chain mail (worn)
Scrolls
 c - a scroll of blinking {unknown}
 e - 3 scrolls of enchant armour {unknown}
 f - a scroll of identify {unknown}
 g - 2 scrolls of remove curse {unknown}
 h - a scroll of magic mapping {unknown}
 i - a scroll of enchant weapon {unknown}


   Skills:
 - Level 3.0 Fighting
 * Level 4.9 Maces & Flails
 - Level 1.5 Armour
 - Level 1.5 Dodging


You had 4 spell levels left.
You didn't know any spells.

Dungeon Overview and Level Annotations

Branches:
Dungeon (3/15)

Altars:
Ashenzari
Ru

Annotations:
D:2 Sigmund
D:3 Natasha


Innate Abilities, Weirdness & Mutations

You do not eat or drink.
Your flesh is vulnerable to fire.
You are immune to poison.
Your flesh is cold resistant. (rC+)
You are immune to negative energy. (rN+++)
You are immune to unholy pain and torment.
You can survive without breathing.


Message History

Natasha casts a spell.
You closely miss Natasha.
Natasha casts a spell.
Natasha drinks a potion.
Natasha seems to grow stronger.
The iron imp closely misses you.
You closely miss Natasha. Natasha claws you but does no damage.
You sock Natasha!
Natasha is severely wounded.
The iron imp hits you. Natasha claws you.
You closely miss Natasha.
Natasha is severely wounded.
The iron imp barely misses you. Natasha claws you.
You closely miss Natasha.
Natasha is severely wounded.
Natasha howls an incantation.
Natasha glows brightly for a moment.
Natasha claws you!
* * * LOW HITPOINT WARNING * * *
The iron imp hits you.
You die...

..# $#.
..._$..
#..#...
#..#..###
#h###...#
###.###.#.#
....###.#.#
#.....#@#
#†h5#
###.#######
#<.......
#........
#.)......
#........
#........
#........


You could see an iron imp and Natasha.

Vanquished Creatures
  Jessica (D:2)
  Natasha (D:3)
  An orc wizard (D:2)
  5 adders (D:2)
  3 worms (D:2)
  A dart slug (D:2)
  A giant gecko (D:1)
  A ball python (D:2)
  A giant cockroach (D:2)
  4 goblins
  4 hobgoblins
  A quokka (D:2)
  6 bats
  6 giant newts
  A kobold (D:2)
  4 rats
41 creatures vanquished.

Notes
Turn   | Place    | Note
-------+----------+-------------------------------------------
     0 | D:1      | Kurtz the Mummy Berserker began the quest for the Orb.
     0 | D:1      | Reached XP level 1. HP: 18/18 MP: 1/1
   403 | D:1      | Reached XP level 2. HP: 24/24 MP: 2/2
   426 | D:1      | Reached skill level 3 in Maces & Flails
   848 | D:2      | Reached XP level 3. HP: 27/29 MP: 3/3
   859 | D:2      | Noticed Jessica
   874 | D:2      | Killed Jessica
   876 | D:2      | Reached ** piety under Trog
   900 | D:2      | Reached skill level 4 in Maces & Flails
   900 | D:2      | Reached XP level 4. HP: 24/35 MP: 4/4
  1151 | D:2      | Found a sacrificial altar of Ru.
  1352 | D:2      | Reached XP level 5. HP: 41/41 MP: 5/5
  1517 | D:2      | Noticed Sigmund
  1954 | D:3      | Noticed Natasha
  1955 | D:3      | Found a shattered altar of Ashenzari.
  1972 | D:3      | Killed Natasha
  2017 | D:3      | Noticed Natasha
  2029 | D:3      | Slain by an iron imp

Vault maps used:
D:1:      dpeg_arrival_refuge, minmay_close_crescents
D:2:      nicolae_ru_great_annihilating_truth, uniq_sigmund, uniq_jessica
D:3:      eat_drink_and_be_merry_uskayaw, cheibrodos_ashenzari_chains,
          first_bread, hangedman_decor_points, uniq_natasha

Skill      XL: |  1  2  3 |
---------------+----------+-----
Maces & Flails | 3 4 |  4.9
Fighting       | |  3.0
Armour         | |  1.5
Dodging        | |  1.5

Action                   |  1- 3 |  4- 6 || total
-------------------------+-------+-------++-------
Melee: Mace              |    88 |    73 ||   161
 Stab: Paralysed         |       |     1 ||     1
Armor: Animal skin       |    13 |       ||    13
       Chain mail        |    44 |    37 ||    81
Dodge: Dodged            |    45 |    33 ||    78
